 Dungeon Crawl Stone Soup version 0.21-a0-531-gacddea6 (webtiles) character file.

559 slep the Chopper (level 7, -5/36 HPs)
             Began as a Vine Stalker Gladiator on Dec 14, 2017.
             Killed from afar by Blork the orc (6 damage)
             ... with a magic dart
             ... on level 5 of the Dungeon.
             The game lasted 00:12:20 (2504 turns).

slep the Chopper (Vine Stalker Gladiator)           Turns: 2504, Time: 00:12:22

Health: -5/36      AC:  6    Str: 17    XL:     7   Next: 31%
Magic:  0/8        EV: 13    Int:  9    God:
Gold:   210        SH:  0    Dex: 16    Spells: 6/6 levels left

rFire    . . .     SeeInvis .   i - +2 hand axe (chop)
rCold    . . .     Gourm    .   (no shield)
rNeg     . . .     Faith    .   y - +0 ring mail
rPois    .         Spirit   +   c - +0 helmet
rElec    .         Reflect  .   (no cloak)
rCorr    .         Harm     .   (no gloves)
MR       .....                  (no boots)
Stlth    ..........             e - amulet of regeneration
HPRegen  0.92/turn              D - ring of loudness (curse)
MPRegen  0.11/turn              (no ring)

@: no status effects
A: fangs 2, regeneration 1, magic shield, antimagic bite, no potion heal 3, rot
immunity
a: no special abilities


You were on level 5 of the Dungeon.
You were not hungry.

You visited 1 branch of the dungeon, and saw 5 of its levels.

You collected 210 gold pieces.

Inventory:

Hand Weapons
 a - a +0 war axe
 i - a +2 hand axe of chopping (weapon)
 C - the +10 spear of Desperation {pierce, rPois rN+ Dex+2 Stlth+}
   (You found it on level 4 of the Dungeon)

   It inflicts extra damage upon your enemies.
   It affects your dexterity (+2).
   It protects you from poison.
   It protects you from negative energy.
   It makes you more stealthy.
Missiles
 d - 3 throwing nets (quivered)
Armour
 b - a +0 leather armour
 c - a +0 helmet (worn)
 y - a +0 ring mail (worn)
Jewellery
 e - an amulet of regeneration (around neck)
 g - an uncursed ring of ice
 D - a cursed ring of loudness (left hand)
 G - an uncursed amulet of faith
Wands
 u - a wand of flame (26)
Scrolls
 j - 5 scrolls of teleportation {unknown}
 k - 2 scrolls of fog {unknown}
 m - 3 scrolls of remove curse {unknown}
 o - a scroll of enchant weapon {unknown}
 p - 2 scrolls of enchant armour {unknown}
 s - 6 scrolls of identify {unknown}
 v - a scroll of blinking {unknown}
 w - a scroll of amnesia {unknown}
 F - a scroll of magic mapping {unknown}
Potions
 h - a potion of invisibility {unknown}
 l - a potion of ambrosia {unknown}
 n - a potion of curing {unknown}
 q - a potion of might {unknown}
 t - a potion of haste {unknown}
 x - a potion of mutation {unknown}
 z - 2 potions of lignification {unknown}
 A - a potion of brilliance {unknown}
 I - a potion of heal wounds {unknown}
Books
 H - a book of Callings

   Spells                             Type                      Level
   a - Summon Small Mammal            Summoning                    1
   b - Call Imp                       Summoning                    2
   c - Call Canine Familiar           Summoning                    3
   d - Summon Guardian Golem          Hexes/Summoning              3
   e - Summon Lightning Spire         Summoning/Air                4
   f - Summon Ice Beast               Ice/Summoning                4
Comestibles
 f - 7 bread rations
 r - 3 royal jellies
 B - 4 fruits
 E - 2 chunks of flesh


   Skills:
 + Level 3.0 Fighting
 + Level 4.7 Axes
 + Level 0.3(2.9) Polearms
 + Level 1.9 Throwing
 + Level 2.7 Armour
 + Level 3.9 Dodging
 + Level 1.8 Stealth


You had 6 spell levels left.
You didn't know any spells.

Dungeon Overview and Level Annotations

Branches:
Dungeon (5/15)
 Temple: D:4-7

Altars:
Nemelex Xobeh
Yredelemnul

Annotations:
D:3 1 runed door
D:5 Blork the orc


Innate Abilities, Weirdness & Mutations

You have extremely sharp teeth.
Your natural rate of healing is unusually fast.
When hurt, damage is shared between your health and your magic reserves.
Your bite disrupts and absorbs the magic of your enemies.
Potions cannot restore your health.
You are immune to rotting.


Message History

Blork the orc casts a spell at you. The magic dart hits you!
Blork the orc closely misses you.
Blork the orc gestures at you while chanting.
The puff of frost hits you!
Blork the orc hits you with a dire flail.
Blork the orc gestures at you while chanting.
The puff of frost hits you!
Blork the orc hits you with a dire flail!
* * * LOW HITPOINT WARNING * * *
You hit Blork the orc but do no damage.
Blork the orc is lightly wounded.
Blork the orc looks braver for a moment.
You hit Blork the orc.
Blork the orc is moderately wounded.
Blork the orc hits you with a dire flail!
* * * LOW HITPOINT WARNING * * *
Blork the orc casts a spell at you. The magic dart hits you!
You die...

... .# #.# .# #.#
.# ####.# ?# ..#.#
.# ##.#.# .#
##..#.####.#
###.....@o.>.#
##......###..####
### ........#
#..#.. .# ..
#..#.###..###..#.#
... . #..#.#
#.......#.## #..#
#..#.#
#.##.##....## #..#
#..#.###.
#.##.###.## #..
..... .. #.#.##
##.###.##.# #
#.#.######...#
#......#.#


You could see Blork the orc.

Vanquished Creatures
  A water moccasin (D:5)
  A black bear (D:5)
  A bullfrog (D:5)
  A bullfrog skeleton (D:5)
  2 hounds (D:5)
  An orc priest (D:5)
  A hound skeleton (D:4)
  A worker ant zombie (D:5)
  5 adders
  A shadow imp (D:5)
  2 oozes (D:2)
  3 worms
  2 leopard geckos
  10 orcs
  6 giant cockroaches
  6 goblins
  7 hobgoblins
  7 jackals
  3 quokkas
  2 ball pythons
  9 bats
  4 frilled lizards
  A jackal skeleton (D:5)
  2 kobolds (D:2)
  A quokka zombie (D:5)
  6 rats
86 creatures vanquished.

Notes
Turn   | Place    | Note
-------+----------+-------------------------------------------
     0 | D:1      | slep the Vine Stalker Gladiator began the quest for the Orb.
     0 | D:1      | Reached XP level 1. HP: 11/11 MP: 2/2
   162 | D:1      | Reached XP level 2. HP: 15/15 MP: 3/3
   547 | D:3      | Reached skill level 3 in Axes
   573 | D:3      | Found a basalt altar of Yredelemnul.
   578 | D:3      | Reached XP level 3. HP: 18/18 MP: 4/4
   856 | D:2      | Gained mutation: Your natural rate of healing is unusually fast. [Vine Stalker growth]
   856 | D:2      | Reached XP level 4. HP: 23/23 MP: 5/5
  1312 | D:2      | Found a sparkling altar of Nemelex Xobeh.
  1647 | D:3      | Found a runed door.
  1793 | D:4      | Reached XP level 5. HP: 26/26 MP: 6/6
  1809 | D:4      | Reached skill level 1 in Armour
  1879 | D:4      | Got a bloodstained spear
  1880 | D:4      | Identified the +10 spear of Desperation {pierce, rPois rN+ Dex+2 Stlth+} (You found it on level 4 of the Dungeon)
  1917 | D:4      | Reached skill level 4 in Axes
  2161 | D:5      | Entered Level 5 of the Dungeon
  2161 | D:5      | Noticed a water moccasin
  2175 | D:5      | Killed a water moccasin
  2175 | D:5      | Reached skill level 1 in Stealth
  2175 | D:5      | Reached XP level 6. HP: 24/32 MP: 5/7
  2188 | D:5      | Noticed a black bear
  2198 | D:5      | Killed a black bear
  2198 | D:5      | Reached XP level 7. HP: 22/35 MP: 5/8
  2458 | D:5      | Noticed Blork the orc
  2504 | D:5      | HP: 1/36 [Blork the orc/dire flail (8)]
  2504 | D:5      | Killed from afar by Blork the orc

Vault maps used:
D:1:      mrwooster_arrival_statue_3
D:2:      lemuel_coloured_pillars_altar, serial_park_tiny_2
D:3:      yredelemnul_altar_generic, uniq_crazy_yiuf_cottage
D:4:      first_bread
D:5:      serial_shops, nicolae_shop_overgrown_old_shop,
          hangedman_decor_clover_reticule, uniq_blork_the_orc

Skill      XL: |  1  2  3  4  5  6  7 |
---------------+----------------------+-----
Axes           | 3 4 |  4.7
Fighting       | 2 3 |  3.0
Dodging        | 3 |  3.9
Armour         | 1 2 |  2.7
Stealth        | 1 |  1.8
Polearms       | |  0.3
Throwing       | |  1.9

Action                   |  1- 3 |  4- 6 |  7- 9 || total
-------------------------+-------+-------+-------++-------
Melee: Hand axe          |    59 |    92 |    40 ||   191
       War axe           |     6 |       |       ||     6
       Bite              |    10 |    23 |    11 ||    44
       Spear             |       |     8 |       ||     8
 Stab: Sleeping          |     1 |     2 |       ||     3
  Eat: Chunk             |       |     3 |     2 ||     5
Armor: Leather armour    |    25 |     6 |       ||    31
       Ring mail         |       |    19 |    10 ||    29
Dodge: Dodged            |    57 |    69 |    34 ||   160

Table legend:
 A = Spawn XP
 B = Non-spawn XP
 C = Spawn XP percentage of total XP
 D = Spawn monster count
 E = Non-spawn monster count
 F = Spawn count percentage of total count
 G = Total turns spent on level
                    A         B        C        D         E        F      G
               +---------+---------+-------+---------+---------+-------+---------
         Total |       0 |     799 |   0.0 |       0 |      86 |   0.0 |  2504
               +---------+---------+-------+---------+---------+-------+---------
           D:1 |       0 |      13 |   0.0 |       0 |       8 |   0.0 |   446
           D:2 |       0 |      83 |   0.0 |       0 |      26 |   0.0 |   817
           D:3 |       0 |      62 |   0.0 |       0 |      22 |   0.0 |   426
           D:4 |       0 |      53 |   0.0 |       0 |      11 |   0.0 |   472
           D:5 |       0 |     588 |   0.0 |       0 |      19 |   0.0 |   343
               +---------+---------+-------+---------+---------+-------+---------
